 Dungeon Crawl Stone Soup version 0.31-a0-965-g8a8ce12e04 (webtiles) character file.

Game seed: 1872468672936735116

71873 Gladio the Severer (level 15, -1/122 HPs)
             Began as a Human Fighter on Oct 26, 2023.
             Was an Elder of the Shining One.
             Slain by a cyan ugly thing (16 damage)
             ... on level 14 of the Dungeon.
             The game lasted 00:41:23 (20292 turns).

Gladio the Severer (Human Fighter)                 Turns: 20292, Time: 00:41:24

Health: -1/122     AC: 29    Str: 23    XL:     15   Next: 84%
Magic:  20/23      EV:  7    Int: 10    God:    the Shining One [****..]
Gold:   846        SH:  0    Dex: 12    Spells: 14/14 levels left

rFire   . . .        a - +8 frozen axe "Frostbite" {freeze, freezing cloud, *Noise Fly rC+}
rCold   + . .        (shield currently unavailable)
rNeg    + + .        H - +0 plate armour
rPois   .            T - +1 hat {Will+}
rElec   .            O - +2 cloak
rCorr   .            s - +0 pair of gloves
SInv    .            A - +2 pair of boots
Will    ++...        X - amulet of the acrobat Stlth
                     f - +4 ring of protection
HPRegen 0.40/turn    K - +4 ring of slaying
MPRegen 0.18/turn

%: acrobat
@: about to teleport, flying, glowing
A: no striking features
a: Renounce Religion, Divine Shield, Cleansing Flame


You were on level 14 of the Dungeon.
You worshipped the Shining One.
The Shining One was greatly pleased with you.
You visited 3 branches of the dungeon, and saw 20 of its levels.

You collected 1424 gold pieces.
You spent 421 gold pieces at shops.
You donated 157 gold pieces to Zin.

Inventory:

Hand Weapons
 a - the +8 frozen axe "Frostbite" (weapon) {freeze, freezing cloud, *Noise Fly rC+}
   (You found it on level 5 of the Dungeon)

   rC+:       It protects you from cold.
   Fly:       It grants you flight.
   *Noise:    It may make a loud noise when swung.
Missiles
 h - 24 poisoned darts
 F - 8 boomerangs
Armour
 s - a +0 pair of gloves (worn)
 y - a +0 helmet of intelligence
 A - a +2 pair of boots (worn)
 H - a +0 plate armour (worn)
 O - a +2 cloak (worn)
 T - a +1 hat of willpower (worn)
Jewellery
 d - a ring of see invisible
 f - a +4 ring of protection (left hand)
 o - an amulet of magic regeneration
 B - a ring of ice
 K - a +4 ring of slaying (right hand)
 U - a ring of fire
 W - a +4 ring of slaying
 X - an amulet of the acrobat (around neck)
Wands
 l - a wand of quicksilver (11)
 t - a wand of digging (7)
 I - a wand of flame (9)
 J - a wand of mindburst (7)
 S - a wand of charming (8)
Scrolls
 b - a scroll of fog
 g - 4 scrolls of blinking
 i - a scroll of summoning
 j - 14 scrolls of teleportation
 k - 2 scrolls of poison
 m - 6 scrolls of revelation
 p - 3 scrolls of noise
 q - 4 scrolls of immolation
 r - a scroll of torment {unknown}
 v - a scroll of silence
 x - 2 scrolls of fear
 z - a scroll of acquirement {unknown}
 E - 2 scrolls of vulnerability
 L - a scroll of enchant armour
 P - a scroll of enchant weapon {unknown}
Potions
 c - a potion of lignification {unknown}
 e - 4 potions of brilliance
 n - 2 potions of heal wounds
 u - a potion of degeneration {unknown}
 w - a potion of cancellation {unknown}
 C - 4 potions of curing
 D - 2 potions of enlightenment
 G - a potion of ambrosia
 M - a potion of haste
 N - 2 potions of might
 Q - a potion of mutation {unknown}
 R - 4 potions of magic
 V - a potion of resistance {unknown}
 Y - a potion of invisibility {unknown}
Miscellaneous
 Z - a phial of floods


   Skills:
 + Level 12.9 Fighting
 * Level 15.5(16.3) Axes
 - Level 8.6(13.1) Maces & Flails
 + Level 12.9 Armour
 - Level 3.0 Shields
 + Level 11.8 Invocations


You had 14 spell levels left.
You didn't know any spells.
Your spell library contained the following spells:

 Spells                   Type           Power      Damage    Failure   Level
 Apportation              Tloc           0%         N/A       98%         1
 Cigotuvi's Dreadful Rot  Necr/Pois/Air  0%         N/A       99%         2
 Jinxbite                 Hex            0%         N/A       99%         2
 Static Discharge         Conj/Air       0%         3-3/arc   99%         2
 Ignite Poison            Fire/Tmut/Pois 0%         N/A       100%        3
 Swiftness                Air            0%         N/A       100%        3
 Tukima's Dance           Hex            0%         N/A       100%        3
 Airstrike                Air            0%         2d(0-16)  100%        4
 Animate Armour           Summ/Erth      0%         N/A       100%        4
 Passage of Golubria      Tloc           0%         N/A       100%        4
 Summon Lightning Spire   Summ/Air       0%         N/A       100%        4
 Alistair's Intoxication  Tmut/Pois      0%         N/A       100%        5
 Borgnjor's Vile Clutch   Necr/Erth      0%         N/A       100%        5
 Freezing Cloud           Conj/Ice/Air   0%         6-21      100%        5
 Lee's Rapid Deconstruct  Erth           0%         3d4*      100%        5
 Yara's Violent Unravell  Hex/Tmut       0%         3d3       100%        5
 Eringya's Noxious Bog    Tmut/Pois      0%         4d6       100%        6
 Maxwell's Capacitive Co  Air            0%         ∞         100%        8


Dungeon Overview and Level Annotations

Branches:
Dungeon (14/15)            Temple (1/1) D:6            Lair (5/5) D:9
 Shoals (0/4) Lair:3       Spider (0/4) Lair:3        Slime (0/5) Lair:5
    Orc (0/2) D:11         Vaults (0/5) D:13

Altars:
Ashenzari
Cheibriados
Dithmenos
Elyvilon
Fedhas
Gozag
Hepliaklqana
Kikubaaqudgha
Makhleb
Nemelex Xobeh
Okawaru
Qazlal
Ru
Sif Muna
Trog
Uskayaw
Vehumet
Wu Jian
Xom
Yredelemnul
Zin
The Shining One

Shops:
D:5 [=(=   D:11 ?

Annotations:
D:7 1 runed translucent door, flt's ghost, novice DjCj


Message History

Your purple ugly thing looks as sick as possible!
Something misses your purple ugly thing.
Something closely misses your purple ugly thing.
Unknown command.
A cyan ugly thing comes into view.
The cyan ugly thing gurgles horribly!
The centaur warrior wields a +0 orcbow.
The centaur warrior shoots an arrow.
The arrow hits your seven-headed hydra!!
A centaur warrior comes into view.
A tengu warrior comes into view. It is wielding a +0 great mace.
Something hits your purple ugly thing.
Something freezes your purple ugly thing!!
Something hits your purple ugly thing.
Something drains your purple ugly thing's vigour!
Your purple ugly thing seems to slow down.
Something closely misses your purple ugly thing.
The cyan ugly thing barely misses you.
The cyan ugly thing closely misses your purple ugly thing.
You barely miss the cyan ugly thing. You slash the cyan ugly thing!
You freeze the cyan ugly thing.
The centaur warrior wields a +0 orcbow.
The centaur warrior shoots an arrow.
The arrow barely misses your purple ugly thing.
The arrow barely misses the purple ugly thing.
The arrow hits the purple ugly thing!!
The centaur warrior shoots an arrow.
The arrow hits your seven-headed hydra!
An arrow appears from out of your range of vision.
The arrow hits your purple ugly thing!
Your purple ugly thing dies!
Your purple ugly thing's corpse dissolves into shadows!
The cyan ugly thing trunk-slaps you! The cyan ugly thing shocks you!
* * * LOW HITPOINT WARNING * * *
The centaur warrior shoots an arrow.
The arrow hits your seven-headed hydra. The cyan ugly thing closely misses you.
As you read the scroll of teleportation, it crumbles to dust.
You feel strangely unstable.
The cyan ugly thing trunk-slaps you but does no damage.
The cyan ugly thing kicks you.
* * * LOW HITPOINT WARNING * * *
The cyan ugly thing shocks you!
You die...

#..............# .....
#..............##.c..
#........>.....#...
#..............#c#
##..........#.....# ###
............#....$####.....
.#.....[.††.....Q..uuuu..#
.#........†..#...###pW...#
##.......##..#D@# ....... .
##.....####..uuu.u.u.....
..####..........uuW..c.>...
#....#.....................
####....##.................
..)............###Q........
...........#### .#####
####.....#..# ..
......##...


You could see 6 ugly things, a tengu warrior, 2 centaur warriors, a freezing
wraith, a friendly seven-headed hydra (summoned), a friendly purple ugly thing
(summoned) and a friendly tengu warrior (summoned).

Vanquished Creatures
  Gastronok (Lair:3)
  Nessos (Lair:4)
  Fannar (Lair:1)
  2 hydras (Lair:5)
  3 centaur warriors
  3 two-headed ogres
  A catoblepas (Lair:4)
  A tengu warrior (D:13)
  17 death yaks
  Nergalle (Lair:3)
  Amaemon (D:8)
  3 skysharks
  An arcanist (D:13)
  A necromancer (D:13)
  2 lindwurms
  An orc knight (D:13)
  3 deep elf pyromancers
  2 cyclopes
  2 harpies (Lair:3)
  8 ugly things
  2 manticores
  An elephant (Lair:5)
  4 black mambas
  2 torpor snails
  3 gargoyles
  2 komodo dragons
  An unseen horror (D:12)
  20 cane toads
  An orange demon (D:8)
  Jeremiah (D:6)
  4 rime drakes
  3 freezing wraiths (D:14)
  2 tengu conjurers
  2 polar bears
  6 trolls
  2 hornets
  27 blink frogs
  2 tyrant leeches
  7 dream sheep
  2 glass eyes (D:11)
  Sigmund (D:2)
  6 slime creatures
  Eustachio (D:6)
  7 wyverns
  2 wraiths
  A vampire (D:13)
  Grum (D:9)
  30 yaks
  2 basilisks
  11 vampire mosquitoes
  3 acid dragons
  15 water moccasins
  3 orc warriors
  2 ice beasts (D:5)
  6 black bears
  4 boggarts (Lair:5)
  22 wolves
  6 centaurs
  2 phantoms (D:5)
  2 kobold brigands
  15 bullfrogs
  2 gnoll sergeants (D:9)
  5 scorpions
  5 wights (D:7)
  11 killer bees (D:10)
  3 electric eels
  9 howler monkeys
  2 jellies
  7 hounds
  5 orc priests
  8 iguanas
  A hell rat (Lair:5)
  14 orc wizards
  A sleepcap (D:5)
  10 gnolls
  6 adders
  2 shadow imps
  2 white imps (D:5)
  3 worms
  5 dart slugs
  42 orcs
  13 ball pythons
  9 bats
  5 endoplasms
  5 giant cockroaches
  7 goblins
  6 hobgoblins
  8 jackals
  13 kobolds
  3 quokkas
  3 frilled lizards
  5 rats
511 creatures vanquished.

Vanquished Creatures (others)
  A water moccasin (Lair:3)
  An orc wizard (D:4)
2 creatures vanquished.

Grand Total: 513 creatures vanquished

Notes
Turn   | Place    | Note
-------+----------+-------------------------------------------
     0 | D:1      | Gladio the Human Fighter began the quest for the Orb.
     0 | D:1      | Reached XP level 1. HP: 18/18 MP: 1/1
   126 | D:1      | Reached XP level 2. HP: 11/24 MP: 2/2
   478 | D:1      | Found a faded altar of an unknown god.
   515 | D:1      | Reached XP level 3. HP: 27/29 MP: 3/3
   832 | D:2      | Noticed Sigmund
   862 | D:2      | Killed Sigmund
   863 | D:2      | Reached XP level 4. HP: 6/37 MP: 4/4
   863 | D:2      | Reached XP level 5. HP: 7/42 MP: 5/5
   865 | D:2      | Reached XP level 6. HP: 9/48 MP: 6/6
  1835 | D:3      | Reached skill level 5 in Maces & Flails
  1835 | D:3      | Reached XP level 7. HP: 45/55 MP: 7/7
  2474 | D:4      | Found a shadowy altar of Dithmenos.
  2865 | D:5      | Entered Level 5 of the Dungeon
  2888 | D:5      | Reached skill level 5 in Fighting
  2888 | D:5      | Reached skill level 5 in Armour
  2919 | D:5      | Reached XP level 8. HP: 62/62 MP: 8/8
  3004 | D:5      | Found Jaytats's Antique Armour Shoppe.
  3006 | D:5      | Found Duiraos's Jewellery Shoppe.
  3007 | D:5      | Found Fussox Qouci's Antique Weapon Shoppe.
  3007 | D:5      | Found Qyivek's Jewellery Shoppe.
  4024 | D:5      | Noticed a wraith
  4029 | D:5      | Reached XP level 9. HP: 69/69 MP: 9/9
  4261 | D:5      | Found the +8 frozen axe "Frostbite" {freeze, freezing
                  | cloud, *Noise Fly rC+}
  4374 | D:6      | Found a basalt altar of Yredelemnul.
  4429 | D:6      | Found a hazy altar of Hepliaklqana.
  4439 | D:6      | Noticed Eustachio
  4446 | D:6      | Killed Eustachio
  4447 | D:6      | Reached skill level 1 in Axes
  4603 | D:6      | Reached skill level 2 in Axes
  4672 | D:6      | Noticed Jeremiah
  4681 | D:6      | Found a staircase to the Ecumenical Temple.
  4689 | D:6      | Killed Jeremiah
  4690 | D:6      | Reached skill level 3 in Axes
  4710 | Temple   | Entered the Ecumenical Temple
  4862 | Temple   | Became a worshipper of Zin the Law-Giver
  4862 | Temple   | Reached * piety under Zin
  4971 | D:5      | Bought a runed helmet for 187 gold pieces
  5055 | D:6      | Donated 90 gold pieces to Zin
  5066 | D:6      | Reached ** piety under Zin
  5769 | D:7      | Reached XP level 10. HP: 72/79 MP: 10/10
  5940 | D:7      | Reached skill level 1 in Invocations
  5945 | D:7      | Reached *** piety under Zin
  5946 | D:7      | Reached skill level 4 in Axes
  6114 | D:7      | Found a runed translucent door.
  6117 | D:7      | Noticed flt's ghost (novice DjCj)
  6605 | D:8      | Identified the of Cefegyga
  6615 | D:8      | Identified the +3 leather armour "Rubolesh" {+Inv Str+3
                  | Dex+4}
  6707 | D:8      | Noticed a gargoyle
  7214 | D:8      | Killed a gargoyle
  7215 | D:8      | Reached skill level 5 in Axes
  7261 | D:8      | Paralysed by a hornet for 1 turns
  7529 | D:8      | Noticed Amaemon
  7529 | D:8      | Noticed an orange demon
  7541 | D:8      | Killed Amaemon
  7542 | D:8      | Reached skill level 6 in Axes
  7544 | D:8      | Killed an orange demon
  8209 | D:9      | Noticed Grum
  8225 | D:9      | Killed Grum
  8226 | D:9      | Reached XP level 11. HP: 23/86 MP: 12/14
  8603 | D:9      | Reached skill level 7 in Axes
  8625 | D:9      | Reached skill level 5 in Invocations
  8946 | D:9      | Found a staircase to the Lair.
  8966 | D:9      | Reached skill level 8 in Axes
  9227 | D:10     | Entered Level 10 of the Dungeon
  9510 | D:10     | Found a shimmering blue altar of Sif Muna.
  9517 | D:10     | Found a broken altar of Ashenzari.
  9521 | D:10     | Found a stormy altar of Qazlal.
 10181 | Temple   | Fell from the grace of Zin
 10181 | Temple   | Became a worshipper of Elyvilon the Healer
 10181 | Temple   | Reached * piety under Elyvilon
 10263 | Lair:1   | Entered Level 1 of the Lair of Beasts
 10289 | Lair:1   | Reached ** piety under Elyvilon
 10464 | Lair:1   | Reached skill level 9 in Axes
 10464 | Lair:1   | Reached XP level 12. HP: 77/95 MP: 16/16
 10803 | Lair:1   | Noticed Fannar
 10817 | Lair:1   | Killed Fannar
 11129 | Lair:1   | Reached *** piety under Elyvilon
 11515 | Lair:2   | Reached skill level 10 in Axes
 11845 | Lair:2   | Reached skill level 10 in Fighting
 12244 | Lair:3   | Reached skill level 10 in Armour
 12365 | Lair:3   | Noticed Nergalle
 12373 | Lair:3   | Killed Nergalle
 12374 | Lair:3   | Reached XP level 13. HP: 85/103 MP: 18/18
 12380 | Lair:3   | Reached skill level 11 in Axes
 12819 | Lair:3   | Found a hole to the Spider Nest.
 12856 | Lair:3   | Noticed Gastronok
 12869 | Lair:3   | Killed Gastronok
 12990 | Lair:3   | Reached **** piety under Elyvilon
 13158 | Lair:3   | Reached skill level 12 in Axes
 13414 | Lair:3   | Found a staircase to the Shoals.
 13987 | Lair:4   | Noticed a catoblepas
 14240 | Lair:4   | Killed a catoblepas
 14442 | Lair:4   | Reached XP level 14. HP: 98/113 MP: 21/21
 14644 | Lair:4   | Noticed Nessos
 14991 | Lair:4   | Killed Nessos
 15199 | Lair:4   | Reached skill level 13 in Axes
 15362 | Lair:5   | Entered Level 5 of the Lair of Beasts
 15470 | Lair:4   | Reached skill level 10 in Invocations
 16570 | Lair:5   | Reached skill level 14 in Axes
 16818 | Lair:5   | Reached XP level 15. HP: 59/121 MP: 23/23
 17302 | Lair:5   | Found the +4 skin of Zhor {*Englaciate rC+++ SInv}
 17395 | Lair:5   | Found a staircase to the Slime Pits.
 17433 | Lair:5   | Reached ***** piety under Elyvilon
 17689 | Temple   | Fell from the grace of Elyvilon
 17689 | Temple   | Became a worshipper of the Shining One
 17689 | Temple   | Reached * piety under the Shining One
 17689 | Temple   | Reached ** piety under the Shining One
 17852 | D:11     | Found Pofiw's Magic Scroll Shop.
 17863 | D:11     | Bought a scroll of teleportation for 39 gold pieces
 17863 | D:11     | Bought a scroll of identify for 26 gold pieces
 17863 | D:11     | Bought a scroll of identify for 26 gold pieces
 17863 | D:11     | Bought a scroll of teleportation for 39 gold pieces
 17863 | D:11     | Bought a scroll of fog for 52 gold pieces
 17863 | D:11     | Bought a scroll of immolation for 52 gold pieces
 18267 | D:11     | Reached *** piety under the Shining One
 18368 | D:11     | Found a staircase to the Orcish Mines.
 19255 | D:13     | Reached skill level 15 in Axes
 20024 | D:13     | Found a gate to the Vaults.
 20276 | D:14     | Reached **** piety under the Shining One
 20292 | D:14     | Slain by a cyan ugly thing

Illustrated notes

Levels and vault maps discovered:
D:1:      tekkud_arrival_beachfront_property, layout_rooms,
          shapermc_ecumenical_altar_totnotflames
D:2:      wad_river_or_something, layout_basic, uniq_sigmund
D:3:      layout_rooms, minivault_27, palyth_stone_intersect
D:4:      layout_rooms, general_overflow_altar
D:5:      kennysheep_windowed_halls, layout_loops_ring, minmay_shop_grid_forest
D:6:      layout_basic, mainiacjoe_overflow_catch_the_wave,
          minmay_temple_entry_arrows, cheibrodos_sewer_entry_sluice,
          serial_bayou, serial_bayou_pond_c, serial_bayou_pond_e,
          serial_bayou_pond_a, serial_bayou_shore_b, uniq_eustachio,
          uniq_jeremiah
D:7:      layout_basic, ebering_ghost_reflecting_pool
D:8:      nicolae_cairo_tiling_very_big, layout_loops_ring, uniq_amaemon
D:9:      layout_basic, due_lair_maze_entry_diamond, uniq_grum
D:10:     layout_irregular_city, grunt_temple_overflow_open,
          nicolae_eternal_life, amcnicky_mini_corridor_feature
D:11:     layout_basic, orc_david_3, serial_shops, shop, onia_ninara_cookie
D:12:     layout_roguey, interstate_on_off
D:13:     layout_gridville, david_vaults_1
D:14:     layout_rooms, minmay_misc_feat_nine_boxes, kennysheep_small_circle
Temple:   lightli_temple_of_artemis
Lair:1:   layout_layer_cave, uniq_fannar
Lair:2:   layout_roguey, minivault_24, grunt_megastairs_4,
          infiniplex_staircase_pool_2
Lair:3:   layout_loops_ring, nicolae_shoals_entry_roost,
          spider_nest_entry_web_field, fungi_pond_lemuel,
          infiniplex_staircase_pool, uniq_gastronok, uniq_nergalle
Lair:4:   layout_roguey, grunt_megastairs_3, serial_bayou_shore_a, uniq_nessos
Lair:5:   minmay_lair_end_frog_pond, layout_long_grid, slime_entry_1,
          st_stairs_5, nicolae_quartered_pool_impasse, kilobyte_rumbling_trees

Skill      XL: |  1  2  3  4  5  6  7  8  9 10 11 12 13 14 15 |
---------------+----------------------------------------------+-----
Fighting       | 4 5 6 7 8 9 10 11 12 | 12.9
Maces & Flails | 4 5 6 7 8 |  8.6
Armour         | 4 5 6 7 8 9 10 11 12 | 12.9
Axes           | 3 6 9 10 12 14 15 | 15.5
Invocations    | 4 6 7 9 10 11 | 11.8
Shields        | |  3.0

Action                     |  1- 3 |  4- 6 |  7- 9 | 10-12 | 13-15 || total
---------------------------+-------+-------+-------+-------+-------++-------
  Melee: Flail             |    79 |   146 |   131 |       |       ||   356
         Morningstar       |       |       |   166 |       |       ||   166
         Executioner's axe |       |       |    51 |   344 |   426 ||   821
  Throw: Dart              |     7 |       |     9 |       |       ||    16
         Throwing net      |       |       |       |     1 |       ||     1
 Invoke: Donate Gold       |       |       |     1 |       |       ||     1
         Recite            |       |       |       |     7 |       ||     7
         Vitalisation      |       |       |       |     6 |       ||     6
         Heal Self         |       |       |       |     1 |     1 ||     2
         Heal Other        |       |       |       |       |     7 ||     7
         Cleansing Flame   |       |       |       |       |     1 ||     1
  Evoke: Wand              |       |       |       |     1 |     1 ||     2
         Phial of floods   |       |       |       |       |     1 ||     1
    Use: Potion            |     1 |       |     3 |     1 |     2 ||     7
         Scroll            |       |     4 |     5 |     6 |    12 ||    27
   Stab: Held in net/web   |       |       |       |     1 |       ||     1
 Armour: Scale mail        |    59 |     7 |       |       |       ||    66
         Chain mail        |       |   130 |   293 |    59 |       ||   482
         Plate armour      |       |       |       |   457 |   692 ||  1149
  Dodge: Dodged            |    32 |    43 |   131 |   185 |   251 ||   642
  Block: Buckler           |    10 |    28 |    53 |       |       ||    91

Table legend: (Time is in decaauts)
 A = Elapsed time spent in this place.
 B = Non-inter-level travel time spent in this place.
 C = Inter-level travel time spent in this place.
 D = Time resting spent in this place.
 E = Time spent auto-exploring this place.
 F = Levels seen in this place.
 G = Mean time per level.
                   A        B        C        D        E       F      G
               +--------+--------+--------+--------+--------+-----+--------+
         Total |  20643 |  18975 |   1668 |    458 |  15057 |  20 | 1032.2 |
       Dungeon |  12990 |  11914 |   1076 |     86 |   9465 |  14 |  927.9 |
        Temple |    213 |    113 |    100 |      0 |    108 |   1 |  213.0 |
          Lair |   7438 |   6946 |    492 |    372 |   5484 |   5 | 1487.6 |
               +--------+--------+--------+--------+--------+-----+--------+

Top non-repeatable levels by time:
  Lair:3: 2126 daAuts
  Lair:4: 1777 daAuts
     D:9: 1424 daAuts
     D:5: 1415 daAuts
  Lair:5: 1328 daAuts
     D:7: 1296 daAuts
     D:8: 1249 daAuts
  Lair:1: 1152 daAuts
     D:6: 1106 daAuts
  Lair:2: 1054 daAuts
     D:2: 1018 daAuts
    D:10: 914 daAuts
    D:13: 897 daAuts
    D:12: 774 daAuts
     D:3: 716 daAuts
